 Dungeon Crawl Stone Soup version 0.32-a0-975-g85d4e5bfdb (webtiles) character file.

Game seed: 1210992873285636760

170 retardedninja the Trooper (level 5, -1/47 HPs)
             Began as a Mountain Dwarf Fighter on Apr 18, 2024.
             Slain by a gnoll
             ... wielding a +0 flail
              (6 damage)
             ... on level 3 of the Dungeon.
             The game lasted 00:04:12 (1901 turns).

retardedninja the Trooper (Mountain Dwarf Fighter)  Turns: 1901, Time: 00:04:13

Health: -1/47      AC: 11    Str: 20    XL:     5   Next: 26%
Magic:  5/5        EV:  4    Int:  9    God:
Gold:   93         SH:  4    Dex:  9    Spells: 4/4 levels left

rFire   . . .        a - +0 war axe
rCold   . . .        c - +0 buckler
rNeg    . . .        p - +0 plate armour
rPois   .            (no helmet)
rElec   .            (no cloak)
rCorr   .            (no gloves)
SInv    .            (no boots)
Will    .....        g - amulet of the acrobat Stlth
                     (no ring)
HPRegen 0.27/turn    (no ring)
MPRegen 0.09/turn

%: acrobat
@: very slow
A: runic magic, artefact enchanting
a: no special abilities


You were on level 3 of the Dungeon.
You visited 1 branch of the dungeon, and saw 3 of its levels.

You collected 93 gold pieces.

Inventory:

Hand Weapons
 a - a +0 war axe (weapon)
Armour
 c - a +0 buckler (worn)
 p - a +0 plate armour (worn)
Jewellery
 g - an amulet of the acrobat (around neck)
Scrolls
 l - a scroll of poison {unknown}
 o - a scroll of teleportation {unknown}
Potions
 d - a potion of might
 e - a potion of heal wounds {unknown}
 f - a potion of lignification {unknown}
 h - a potion of magic {unknown}
 i - 2 potions of attraction
 j - 4 potions of brilliance
 k - 2 potions of curing {unknown}
 m - a potion of berserk rage {unknown}
 n - a potion of enlightenment {unknown}


   Skills:
 * Level 4.5 Fighting
 * Level 4.1 Axes
 + Level 4.1 Armour
 + Level 4.2 Shields


You had 4 spell levels left.
You didn't know any spells.
Your spell library contained the following spells:

 Spells                   Type           Power      Damage    Failure   Level
 Freeze                   Ice            0%         1d3       75%         1
 Magic Dart               Conj           0%         1d3       75%         1
 Call Imp                 Summ           0%         N/A       86%         2
 Searing Ray              Conj           0%         2d4       86%         2
 Sublimation of Blood     Necr           0%         N/A       86%         2
 Frozen Ramparts          Ice            0%         1d1       98%         3
 Hailstorm                Conj/Ice       0%         3d5       98%         3
 Fulminant Prism          Conj/Alch      0%         3d5       100%        4
 Summon Hydra             Summ           0%         N/A       100%        7


Dungeon Overview and Level Annotations

Branches:
Dungeon (3/15)

Altars:
Ashenzari
Fedhas


Innate Abilities, Weirdness & Mutations

Your spellcasting is much less encumbered by armour.
You can use scrolls of enchantment on lesser artefacts.


Message History

The sacred lotus is moderately damaged.
You closely miss the bat. You hit the gnoll.
The bat hits you but does no damage. The bat barely misses you.
The gnoll hits you with a +0 flail.
You hit the sacred lotus.
The sacred lotus is moderately damaged.
You hit the bat.
You kill the bat!
You hit the gnoll but do no damage. The gnoll hits you with a +0 flail.
Your unstable footing causes you to fumble your attack.
The gnoll hits you with a +0 flail. The gnoll hits you but does no damage.
Your unstable footing causes you to fumble your attack.
The gnoll hits you but does no damage.
You slash the sacred lotus!
The sacred lotus is moderately damaged.
You hit the gnoll.
You kill the gnoll!
Your unstable footing causes you to fumble your attack.
The gnoll hits you but does no damage. The gnoll hits you with a +0 flail!
You hit the sacred lotus but do no damage.
The sacred lotus is moderately damaged.
You hit the gnoll but do no damage. The gnoll hits you but does no damage.
Your unstable footing causes you to fumble your attack.
The gnoll hits you with a +0 flail.
* * * LOW HITPOINT WARNING * * *
A gnoll comes into view. It is wielding a +0 flail.
Your unstable footing causes you to fumble your attack.
The gnoll shouts!
You hear a shout!
The gnoll hits you with a +0 flail!
* * * LOW HITPOINT WARNING * * *
The gnoll barely misses you.
You hit the sacred lotus but do no damage.
The sacred lotus is moderately damaged.
You closely miss the gnoll. The gnoll hits you but does no damage.
You hit the sacred lotus.
The sacred lotus is moderately damaged.
You hit the gnoll. The gnoll closely misses you.
Your unstable footing causes you to fumble your attack.
The gnoll hits you with a +0 flail.
You die...

.## #..# ..# ..... #..#
....## #..#.##..####....
#..#.......##..##.
..>..........$...
#.......~.~.#
#.......g≈≈.# ..
#######......~≈gP~# #.
.....>#.......≈≈@†# #.
......#...)...~.~.# #.
......#.#.÷##...........
#.
........................
#.
......####.###..........
#. [.....#
#...########... #.
......# ###.# ... #.
####### #.# .. ###. #.#
# ###...


You could see 2 gnolls.

Vanquished Creatures
  Terence (D:2)
  2 gnolls
  5 adders
  4 dart slugs
  3 ribbon worms (D:2)
  An orc (D:3)
  6 bats
  7 endoplasms
  2 giant cockroaches (D:1)
  6 goblins (D:1)
  8 hobgoblins
  2 kobolds
  3 quokkas (D:1)
  6 ball pythons
  3 frilled lizards (D:1)
  8 rats
67 creatures vanquished.

Notes
Turn   | Place    | Note
-------+----------+-------------------------------------------
     0 | D:1      | retardedninja the Mountain Dwarf Fighter began the quest
                  | for the Orb.
     0 | D:1      | Reached XP level 1. HP: 19/19 MP: 1/1
    67 | D:1      | Reached XP level 2. HP: 26/26 MP: 2/2
   263 | D:1      | Reached XP level 3. HP: 30/33 MP: 3/3
   703 | D:2      | Noticed Terence
   718 | D:2      | Killed Terence
   719 | D:2      | Reached XP level 4. HP: 37/40 MP: 4/4
  1418 | D:3      | Reached XP level 5. HP: 47/47 MP: 5/5
  1436 | D:3      | Found a broken altar of Ashenzari.
  1624 | D:3      | Found a blossoming altar of Fedhas.
  1901 | D:3      | Slain by a gnoll

Illustrated notes

Levels and vault maps discovered:
D:1:      saegor_arrival_simple_b, layout_loops_ring, minmay_tromino_i4
D:2:      layout_basic, kennysheep_potato, uniq_terence
D:3:      layout_loops_cross, ashenzari_conservatory_becter, fedhas_altar_2

Skill      XL: |  1  2  3  4 |
---------------+-------------+-----
Axes           | 3 4 |  4.1
Fighting       | 4 |  4.5
Shields        | 4 |  4.2
Armour         | 4 |  4.1

Action                     |  1- 3 |  4- 6 || total
---------------------------+-------+-------++-------
  Melee: War axe           |    98 |   323 ||   421
    Use: Scroll            |       |     2 ||     2
 Armour: Scale mail        |    83 |    64 ||   147
         Plate armour      |       |    40 ||    40
  Dodge: Dodged            |    51 |    34 ||    85
  Block: Buckler           |    21 |    19 ||    40

Table legend: (Time is in decaauts)
 A = Elapsed time spent in this place.
 B = Non-inter-level travel time spent in this place.
 C = Inter-level travel time spent in this place.
 D = Time resting spent in this place.
 E = Time spent auto-exploring this place.
 F = Levels seen in this place.
 G = Mean time per level.
                   A        B        C        D        E       F      G
               +--------+--------+--------+--------+--------+-----+--------+
         Total |   2047 |   2014 |     33 |      0 |   1154 |   3 |  682.3 |
       Dungeon |   2047 |   2014 |     33 |      0 |   1154 |   3 |  682.3 |
               +--------+--------+--------+--------+--------+-----+--------+

Top non-repeatable levels by time:
     D:2: 736 daAuts
     D:1: 726 daAuts
     D:3: 585 daAuts
